 Dungeon Crawl Stone Soup version 0.23-a0-710-gaad00d04af (webtiles) character file.

1416 Morbidden the Cutter (level 8, 0/48 HPs)
             Began as a Deep Elf Fighter on Jan 15, 2019.
             Slain by a jelly (1 damage)
             ... on level 6 of the Dungeon.
             The game lasted 00:17:37 (5758 turns).

Morbidden the Cutter (Deep Elf Fighter)             Turns: 5758, Time: 00:17:37

Health: 0/48       AC: -1    Str: 13    XL:     8   Next: 43%
Magic:  0/18       EV:  8    Int: 16    God:
Gold:   221        SH: 10    Dex: 14    Spells: 18/18 levels left

rFire    . . .     SeeInvis .   b - +1 dagger (venom)
rCold    . . .     Gourm    .   c - +1 shield
rNeg     . . .     Faith    .   j - +0 scale mail
rPois    .         Spirit   +   (no helmet)
rElec    .         Reflect  .   e - +0 cloak
rCorr    .         Harm     .   q - +0 pair of gloves
MR       .....                  C - +0 pair of boots
Stlth    ..........             g - amulet of guardian spirit
HPRegen  0.16/turn              y - ring of flight
MPRegen  0.16/turn              (no ring)

@: corroded
A: no striking features
a: Evoke Flight


You were on level 6 of the Dungeon.
You were hungry.

You visited 1 branch of the dungeon, and saw 6 of its levels.
You also visited: Sewer.

You collected 221 gold pieces.

Inventory:

Hand Weapons
 a - a +0 rapier
 b - a +1 dagger of venom (weapon)
Armour
 c - a +1 shield (worn)
 e - a +0 cloak (worn)
 j - a +0 scale mail (worn)
 q - a +0 pair of gloves (worn)
 C - a +0 pair of boots (worn)
Jewellery
 g - an amulet of guardian spirit (around neck)
 p - an uncursed ring of fire
 y - a ring of flight (left hand)
Wands
 n - a wand of scattershot (3)
 v - a wand of digging (5)
Scrolls
 d - 3 scrolls of remove curse
 o - a scroll of teleportation {unknown}
 s - 3 scrolls of identify
 t - 2 scrolls of enchant armour
 u - a scroll of noise {unknown}
 D - a scroll of blinking {unknown}
Potions
 h - a potion of invisibility {unknown}
 i - 5 potions of curing
 k - 3 potions of might
 l - 3 potions of ambrosia {unknown}
 m - 2 potions of agility {unknown}
 r - 5 potions of brilliance
 w - 2 potions of magic {unknown}
 x - a potion of berserk rage
 z - a potion of flight {unknown}
 A - 2 potions of haste {unknown}
 B - 2 potions of lignification {unknown}
Comestibles
 f - 10 rations
 E - a chunk of flesh


   Skills:
 * Level 4.0 Fighting
 * Level 6.5 Short Blades
 + Level 3.7 Armour
 + Level 2.7 Dodging
 + Level 0.3 Stealth
 + Level 4.1 Shields
 * Level 5.5 Spellcasting


You had 18 spell levels left.
You didn't know any spells.
Your spell library contained the following spells:

 Spells                   Type           Power        Failure   Level  Hunger
 Beastly Appendage        Tmut           #.....       95%         1    None
 Sticks to Snakes         Tmut           #.......     98%         2    #......
 Spider Form              Tmut/Pois      #.........   100%        3    ###....
 Ice Form                 Ice/Tmut       #.......     100%        4    ####...
 Blade Hands              Tmut           #.........   100%        5    ######.


Dungeon Overview and Level Annotations

Branches:
Dungeon (6/15)
 Temple: D:4-7

Altars:
Cheibriados
Dithmenos
Nemelex Xobeh
Okawaru
Xom
Yredelemnul
Zin

Annotations:
D:3 1 runed door, Kristarius's ghost, amateur GrEE


Message History

The jelly hits you. The acid corrodes you!
You are splashed with acid!
The acid burns!
The adder zombie closely misses you.
You hit the jelly but do no damage. The acid corrodes you!
Your hands burn!
The jelly is moderately wounded.
You block the adder zombie's attack. The jelly hits you.
You are splashed with acid!
The acid burns!
* * * LOW HITPOINT WARNING * * *
You hit the jelly but do no damage.
The jelly looks as sick as possible!
Your hands burn!
* * * LOW HITPOINT WARNING * * *
The jelly is moderately wounded.
The adder zombie barely misses you. The jelly hits you.
* * * LOW HITPOINT WARNING * * *
You are splashed with acid!
The acid burns!
* * * LOW HITPOINT WARNING * * *
You hit the jelly.
Your hands burn!
* * * LOW HITPOINT WARNING * * *
The jelly is moderately wounded.
You block the adder zombie's attack. The jelly hits you.
You die...

#... .... ###
..... #.## #
....###..## .###
.........?#.....
#....#>......
#..J@Z# #.<...#
#..........
.........#...#
≈≈8...#....#...#
≈≈...##..........
.(..# #....##....
...# #..... ..#
..$ ...##..


You could see a jelly and an adder zombie.

Vanquished Creatures
  Grinder (D:4)
  An ice beast (D:5)
  An ogre (D:5)
  A centaur (D:5)
  A big kobold (Sewer)
  Blork the orc (D:5)
  2 crimson imps (D:5)
  4 hounds
  A jelly (D:5)
  3 bullfrog skeletons
  An iguana (D:3)
  2 worker ants
  Terence (D:2)
  A worker ant zombie (D:5)
  Robin (D:2)
  18 adders
  7 river rats
  4 worms
  2 dart slugs (D:4)
  5 leopard geckos
  6 orcs
  7 ball pythons
  9 bats
  6 giant cockroaches
  19 goblins
  14 hobgoblins
  13 jackals
  24 kobolds
  2 quokkas
  7 frilled lizards
  A leopard gecko skeleton (D:4)
  A quokka skeleton (D:4)
  31 rats
198 creatures vanquished.

Notes
Turn   | Place    | Note
-------+----------+-------------------------------------------
     0 | D:1      | Morbidden the Deep Elf Fighter began the quest for the Orb.
     0 | D:1      | Reached XP level 1. HP: 13/13 MP: 3/3
   137 | D:1      | Reached XP level 2. HP: 18/18 MP: 4/4
   652 | D:2      | Reached XP level 3. HP: 19/22 MP: 4/6
   663 | D:2      | Reached skill level 1 in Spellcasting
   725 | D:2      | Noticed Robin
   746 | D:2      | Killed Robin
   748 | D:2      | Noticed Terence
   752 | D:2      | Reached XP level 4. HP: 11/27 MP: 4/8
   775 | D:2      | Reached skill level 3 in Short Blades
  1020 | D:2      | Killed Terence
  1116 | D:2      | Reached skill level 1 in Dodging
  1183 | D:2      | Reached XP level 5. HP: 26/32 MP: 7/9
  1538 | D:2      | Found a glowing silver altar of Zin.
  1978 | D:2      | Found a faded altar of an unknown god.
  2184 | D:3      | Reached skill level 4 in Short Blades
  2281 | D:3      | Reached XP level 6. HP: 21/37 MP: 11/11
  2551 | D:3      | Found a runed door.
  2552 | D:3      | Noticed Kristarius's ghost (amateur GrEE)
  2650 | D:3      | Found a shadowy altar of Dithmenos.
  3040 | D:4      | Found a shimmering altar of Xom.
  3041 | D:4      | Found a snail-covered altar of Cheibriados.
  3127 | D:4      | Noticed Grinder
  3129 | D:4      | Paralysed by Grinder for 2 turns
  3142 | D:4      | Paralysed by Grinder for 4 turns
  3157 | D:4      | Paralysed by Grinder for 5 turns
  3166 | D:4      | Killed Grinder
  3166 | D:4      | Reached XP level 7. HP: 21/41 MP: 6/14
  3213 | D:4      | Reached skill level 5 in Short Blades
  3372 | D:4      | Found a glowing drain.
  3393 | Sewer    | Entered a sewer
  4633 | D:4      | Found a basalt altar of Yredelemnul.
  4633 | D:4      | Found an iron altar of Okawaru.
  4679 | D:5      | Entered Level 5 of the Dungeon
  4786 | D:5      | Noticed Blork the orc
  4799 | D:5      | Reached XP level 8. HP: 14/48 MP: 4/16
  4804 | D:5      | HP: 3/72 [Blork the orc/+1 scimitar of slicing (2)]
  4808 | D:5      | Killed Blork the orc
  4808 | D:5      | Reached skill level 6 in Short Blades
  4869 | D:5      | Reached skill level 5 in Spellcasting
  5065 | D:5      | Found a sparkling altar of Nemelex Xobeh.
  5757 | D:6      | HP: 2/48 [acid (7)]
  5758 | D:6      | Slain by a jelly

Vault maps used:
D:1:      psy_arrival_terrarium, chequers_serial_rivers_micro_e
D:2:      minmay_razor_zed, lemuel_coloured_pillars_altar,
          chequers_ecumenical_altar_simple_redux, uniq_terence, uniq_robin
D:3:      corexii_shack_village, ebering_ghost_reflecting_pool,
          grunt_dithmenos_smoke_and_mirrors
D:4:      kennysheep_slug_shrine, lemuel_doored_altar,
          gammafunk_temple_overflow_wave, gup_sewer_entry_bubbles,
          minmay_crystal_room, uniq_grinder
D:5:      kennysheep_mini_moat, first_ration, uniq_blork_the_orc
D:6:      minmay_spotlight, overflow_temple_1_default, lemuel_round_altar,
          minmay_temple_entry_offerings, serial_park_tiny_pond
Sewer:    sewer_minmay_treatment

Skill      XL: |  1  2  3  4  5  6  7  8 |
---------------+-------------------------+-----
Spellcasting   | 1 2 3 4 5 |  5.5
Short Blades   | 3 4 5 6 |  6.5
Dodging        | 1 2 |  2.7
Fighting       | 3 4 |  4.0
Shields        | 3 4 |  4.1
Armour         | 3 |  3.7
Stealth        | |  0.3

Action                   |  1- 3 |  4- 6 |  7- 9 || total
-------------------------+-------+-------+-------++-------
Melee: Rapier            |   128 |    19 |       ||   147
       Dagger            |       |   288 |   488 ||   776
  Use: Potion            |     1 |       |     5 ||     6
       Scroll            |       |    10 |       ||    10
  Eat: Chunk             |       |     4 |     9 ||    13
       Ration            |       |     1 |       ||     1
Armor: Scale mail        |    95 |    88 |   178 ||   361
Dodge: Dodged            |    43 |    56 |   128 ||   227
Block: Shield            |    67 |   106 |   210 ||   383

Table legend:
 A = Non-vault XP
 B = Vault XP
 C = Vault XP percentage of total XP
 D = Non-vault monster count
 E = Vault monster count
 F = Vault count percentage of total count
                 A         B        C        D         E       F
            +---------+---------+-------+---------+---------+-------
      Total |    1207 |     816 |  40.3 |     105 |      93 |  47.0
            +---------+---------+-------+---------+---------+-------
        D:1 |      37 |       0 |   0.0 |      21 |       0 |   0.0
        D:2 |      97 |     103 |  51.5 |      27 |      24 |  47.1
        D:3 |     163 |      22 |  11.9 |      20 |      10 |  33.3
        D:4 |     242 |     339 |  58.3 |      17 |      10 |  37.0
        D:5 |     655 |      96 |  12.8 |      19 |       1 |   5.0
        D:6 |      13 |       0 |   0.0 |       1 |       0 |   0.0
      Sewer |       0 |     256 | 100.0 |       0 |      48 | 100.0
            +---------+---------+-------+---------+---------+-------
